 Dungeon Crawl Stone Soup version 0.29.1-1-gd02db6906a (webtiles) character file.

Game seed: 16620126422666004979

53 raincastle the Trooper (level 3, 0/29 HPs)
             Began as a Demonspawn Abyssal Knight on Sept 16, 2022.
             Was a Priest of Lugonu.
             Slain by a goblin
             ... wielding a +0 dagger
             ... led by Robin
              (4 damage)
             ... on level 2 of the Dungeon.
             The game lasted 00:09:44 (2250 turns).

raincastle the Trooper (Demonspawn Abyssal Knight)  Turns: 2250, Time: 00:09:44

Health: 0/29       AC: 13    Str: 15    XL:     3   Next: 62%
Magic:  5/5        EV:  4    Int: 11    God:    Lugonu [***...]
Gold:   74         SH:  0    Dex: 13    Spells: 2/2 levels left

rFire   . . .      SeeInvis .   a - +1 mace
rCold   . . .      Faith    .   (no shield)
rNeg    . . .      Spirit   .   f - +0 plate armour
rPois   .          Reflect  .   (no helmet)
rElec   .          Harm     .   (no cloak)
rCorr   .          Rampage  .   (no gloves)
Will    .....                   (no boots)
Stlth   ..........              (no amulet)
HPRegen 0.09/turn               (no ring)
MPRegen 0.09/turn               (no ring)

@: no status effects
A: molten scales 1
a: Renounce Religion, Depart the Abyss, Bend Space, Banish


You were on level 2 of the Dungeon.
You worshipped Lugonu.
Lugonu was most pleased with you.
You visited 1 branch of the dungeon, and saw 3 of its levels.
You visited the Abyss 1 time.

You collected 74 gold pieces.

Inventory:

Hand Weapons
 a - a +1 mace (weapon)
 j - a +1 war axe of draining
Armour
 b - a +0 leather armour
 d - a +0 chain mail
 f - a +0 plate armour (worn)
Scrolls
 g - a scroll of poison {unknown}
 h - a scroll of fear
 n - a scroll of fog {unknown}
Potions
 c - a potion of flight
 e - a potion of degeneration {unknown}
 i - a potion of ambrosia {unknown}
 k - a potion of berserk rage {unknown}
 l - 2 potions of might
 m - a potion of attraction {unknown}
 o - a potion of heal wounds {unknown}


   Skills:
 + Level 3.4 Fighting
 + Level 2.4 Maces & Flails
 + Level 2.2 Armour
 + Level 0.8 Dodging
 * Level 3.4 Invocations


You had 2 spell levels left.
You didn't know any spells.
Your spell library was empty.

Dungeon Overview and Level Annotations

Branches:
Dungeon (3/15)

Altars:

Shops:
D:1 =[

Annotations:
D:2 Robin


Innate Abilities, Weirdness & Mutations

You are partially covered in molten scales. (AC +2)


Message History

The goblin hits you but does no damage. The goblin hits you with a +0 dagger.
You climb upwards.
Level annotation: Robin Robin throws the goblin at you!
The goblin hits you but does no damage.
The hobgoblin hits you but does no damage.
The goblin completely misses you.
There is a stone staircase leading down here.
The hobgoblin hits you. The goblin hits you but does no damage.
The goblin barely misses you.
You climb downwards.
The ball python bites you. The ball python grabs you.
The ball python constricts you.
A kobold comes into view. It is wielding a +0 club.
The ball python bites you but does no damage.
The ball python constricts you.
There is a stone staircase leading up here.
You can't go down here!
You escape the ball python's grasp.
The goblin hits you but does no damage. x2
The hobgoblin hits you.
The goblin hits you but does no damage. x2
The hobgoblin hits you but does no damage.
You climb upwards.
Level annotation: Robin The goblin barely misses you.
There is a stone staircase leading down here.
You barely miss the ball python.
The ball python bites you but does no damage.
The ball python grabs you. The ball python constricts you.
The hobgoblin hits you but does no damage.
The goblin hits you but does no damage. x4; The hobgoblin hits you.
* * * LOW HITPOINT WARNING * * *
The goblin hits you but does no damage. The ball python bites you.
* * * LOW HITPOINT WARNING * * *
The ball python constricts you.
The goblin hits you but does no damage. x3
The hobgoblin hits you but does no damage.
You hit the ball python.
You kill the ball python!
Lugonu accepts your kill. The goblin hits you but does no damage.
The hobgoblin barely misses you.
The goblin hits you but does no damage. x2; Robin throws the goblin at you!
The goblin hits you with a +0 dagger.
You die...

#)## ###.#.###.....##.##
#[.#####.....##..........#
#..g..........)......###...
####..................#
###................#
#.................#
#...........g.....#
##..........gg.....#
#...........g@g....#
##.##........ggg....#
##..###.................
.#..#.รท...#####....###..#
......##### ##......#.[.
#.....### #...##..##.
..###...#### #.#... . ##
###....### #..##.#
##########...####. .#


You could see Robin, 2 hobgoblins and 5 goblins.

Vanquished Creatures
  A worm (D:2)
  4 endoplasms
  A giant cockroach (D:1)
  9 goblins
  3 hobgoblins (D:2)
  8 jackals
  2 quokkas
  4 ball pythons
  3 bats
  3 frilled lizards
  2 kobolds
  5 rats
45 creatures vanquished.

Vanquished Creatures (others)
  2 plants (D:2)
2 creatures vanquished.

Grand Total: 47 creatures vanquished

Notes
Turn   | Place    | Note
-------+----------+-------------------------------------------
     0 | Abyss:1  | raincastle the Demonspawn Abyssal Knight began the quest
                  | for the Orb.
     0 | Abyss:1  | Reached XP level 1. HP: 18/18 MP: 2/2
     1 | D:1      | Escaped the Abyss
   139 | D:1      | Found Cojanwat's Armour Shoppe.
   497 | D:1      | Gained mutation: You are partially covered in molten
                  | scales. (AC +2) [demonic ancestry]
   497 | D:1      | Reached XP level 2. HP: 24/24 MP: 3/3
   950 | D:1      | Found Raac's Jewellery Shoppe.
  1116 | D:2      | Reached *** piety under Lugonu
  1174 | D:2      | Reached XP level 3. HP: 26/29 MP: 4/4
  2066 | D:2      | Noticed Robin
  2250 | D:2      | Slain by a goblin

Illustrated notes

Levels and vault maps discovered:
D:1:      scummos_arrival_hexagon, layout_loops_ring, serial_shops, shop, shop
D:2:      layout_rooms, guppyfry_early_lair_pool, uniq_robin
D:3:      layout_basic, bloody_makhleb, mainiacjoe_overflow_tiny_flanked,
          minmay_parallelograms, roderic_lattice_a, minmay_joined_circles,
          uniq_natasha

Skill      XL: |  1  2  3 |
---------------+----------+-----
Maces & Flails | 2 |  2.4
Armour         | 2 |  2.2
Invocations    | 3 |  3.4
Fighting       | |  3.4
Dodging        | |  0.8

Action                   || total
-------------------------++-------
Melee: Mace              ||   133
       Punch             ||     2
Invok: Bend Space        ||    27
  Use: Scroll            ||     5
Armor: Plate armour      ||   186
Dodge: Dodged            ||    40
